 Dungeon Crawl Stone Soup version 0.29-a0-270-g1586fc07ea (webtiles) character file.

Game seed: 4332101408174931063

611 croobank the Firebug (level 7, -3/51 HPs)
             Began as a Gnoll Fire Elementalist on Mar 7, 2022.
             Succumbed to a kobold brigand's poison
             ... on level 4 of the Dungeon.
             The game lasted 00:19:12 (4580 turns).

croobank the Firebug (Gnoll Fire Elementalist)      Turns: 4580, Time: 00:19:13

Health: -3/51      AC:  5    Str:  7    XL:     7   Next: 43%
Magic:  11/15      EV: 13    Int: 17    God:
Gold:   87         SH:  5    Dex: 12    Spells: 12/17 levels left

rFire   . . .      SeeInvis .   r - +4 dagger (drain)
rCold   . . .      Faith    .   (no shield)
rNeg    . . .      Spirit   .   a - +0 robe
rPois   .          Reflect  +   (no helmet)
rElec   +          Harm     .   (no cloak)
rCorr   .          Rampage  .   u - +0 pair of gloves
Will    .....                   v - +1 pair of boots of the Shining One's Envy {rElec}
Stlth   +++.......              d - amulet of reflection
HPRegen 0.17/turn               (no ring)
MPRegen 0.14/turn               (no ring)

@: lethally poisoned (-3 -> -17)
A: fangs 1, strong nose, distributed training
a: no special abilities


You were on level 4 of the Dungeon.
You visited 1 branch of the dungeon, and saw 7 of its levels.

You collected 87 gold pieces.

Inventory:

Hand Weapons
 b - a +0 hunting sling
 k - a +0 long sword
 l - a +0 short sword
 p - a +0 flail
 r - a +4 dagger of draining (weapon)
 s - a +2 vorpal hand axe
 t - a +0 morningstar
Missiles
 n - 90 stones
 x - 5 poisoned darts
Armour
 a - a +0 robe (worn)
 i - a +0 leather armour
 j - a +2 scale mail of poison resistance
 u - a +0 pair of gloves (worn)
 v - the +1 pair of boots of the Shining One's Envy (worn) {rElec}
   (You acquired it on level 1 of the Dungeon)

   rElec:     It insulates you from electricity.
Jewellery
 d - an amulet of reflection (around neck)
 z - an amulet of guardian spirit
Wands
 o - a wand of flame (25)
Potions
 c - 2 potions of heal wounds
 f - a potion of magic
 g - a potion of lignification
 h - 2 potions of haste
 m - a potion of curing
 q - 2 potions of invisibility {unknown}
 w - a potion of degeneration {unknown}


   Skills:
 + Level 2.5 Fighting
 + Level 2.5 Short Blades
 + Level 2.5 Long Blades
 + Level 2.5 Axes
 + Level 2.5 Maces & Flails
 + Level 2.5 Polearms
 + Level 2.5 Staves
 + Level 2.5 Slings
 + Level 2.5 Bows
 + Level 2.5 Crossbows
 + Level 2.5 Throwing
 + Level 2.5 Armour
 + Level 5.2 Dodging
 + Level 4.9 Stealth
 + Level 2.5 Shields
 + Level 2.5 Unarmed Combat
 + Level 5.6 Spellcasting
 + Level 3.0 Conjurations
 + Level 2.0 Hexes
 + Level 2.0 Summonings
 + Level 2.0 Necromancy
 + Level 2.0 Translocations
 + Level 2.0 Transmutations
 + Level 5.8 Fire Magic
 + Level 2.0 Ice Magic
 + Level 2.0 Air Magic
 + Level 2.0 Earth Magic
 + Level 2.0 Poison Magic
 + Level 2.7 Invocations
 + Level 2.5 Evocations


You had 12 spell levels left.
You knew the following spells:

 Your Spells              Type           Power      Damage    Failure   Level
a - Foxfire               Conj/Fire      76%        2x1d7     2%          1
b - Scorch                Fire           48%        2d7       1%          2
c - Ensorcelled Hibernat  Hex/Ice        22%        N/A       9%          2

Your spell library contained the following spells:

 Spells                   Type           Power      Damage    Failure   Level
 Conjure Flame            Conj/Fire      19%        6-21      6%          3
 Inner Flame              Hex/Fire       18%        N/A       8%          3
 Corpse Rot               Necr/Air       22%        N/A       9%          2
 Passwall                 Tmut/Erth      9%         N/A       9%          2
 Poisonous Vapours        Pois/Air       22%        N/A       9%          2
 Gell's Gravitas          Tloc           11%        N/A       17%         3
 Lesser Beckoning         Tloc           11%        N/A       17%         3
 Teleport Other           Tloc           11%        N/A       17%         3
 Flame Wave               Conj/Fire      19%        2d6       22%         4
 Statue Form              Tmut/Erth      7%         N/A       100%        6


Dungeon Overview and Level Annotations

Branches:
Dungeon (7/15)
 Temple: D:4-7

Altars:
Xom

Annotations:
D:4 Menkaure


Innate Abilities, Weirdness & Mutations

You have very sharp teeth.
Your uncanny sense of smell can sniff out nearby items.
Your experience applies equally to all skills.


Message History

The kobold attacks as you move away! The kobold barely misses you. x2
The kobold throws a poisoned dart.
The poisoned dart hits you.
You are poisoned.
You block the kobold brigand's attack. The kobold closely misses you.
The kobold hits you with a +2 dagger of speed.
* * * LOW HITPOINT WARNING * * *
You feel sick.
You feel sick.
You feel sick. The kobold attacks as you move away!
You block the kobold's attack.
You feel sick.
You feel sick.
You are no longer poisoned.
The kobold attacks as you move away! You block the kobold's attack.
Found a shimmering altar of Xom.
Found a stone staircase leading up.
Found a flail.
Found a potion of curing.
A hound comes into view.
The kobold brigand throws a poisoned dart.
The poisoned dart completely misses you.
The kobold brigand throws a poisoned dart.
The poisoned dart hits you.
You are poisoned.
You feel sick.
The kobold brigand seems less drained.
The kobold brigand throws a poisoned dart.
The poisoned dart hits you!
You are lethally poisoned!
* * * LOW HITPOINT WARNING * * *
You feel very sick.
The kobold brigand throws a poisoned dart.
The poisoned dart hits you!
You are more poisoned.
There is a stone staircase leading up here.
* * * LOW HITPOINT WARNING * * *
You feel very sick.
You climb upwards.
Level annotation: Menkaure Reactivating autopickup.
You die...

###.......##
##.......##..
##.........#
#<........
##......M#
#.......## .
##....#...#...
##............#
####......@.....#
#....####......##
###l## ##.....#
#.## ##......l
#..# ..###.. ##.#
... . .M# ....
.l..
#....#..........
...>.
................


You could see Menkaure (wandering) and an iguana (wandering).

Vanquished Creatures
  Sigmund (D:2)
  A black bear (D:5)
  An ogre (D:4)
  2 jellies
  Jessica (D:3)
  3 iguanas
  An adder (D:3)
  A shadow imp (D:4)
  An ufetubus (D:4)
  2 worms
  A dart slug (D:3)
  17 orcs
  7 bats
  10 endoplasms
  3 giant cockroaches
  10 goblins
  4 hobgoblins
  4 jackals (D:3)
  2 kobolds
  2 quokkas
  4 ball pythons
  2 frilled lizards (D:1)
  3 rats
83 creatures vanquished.

Vanquished Creatures (others)
  122 foxfires
  A fungus (D:3)
123 creatures vanquished.

Grand Total: 206 creatures vanquished

Notes
Turn   | Place    | Note
-------+----------+-------------------------------------------
     0 | D:1      | croobank the Gnoll Fire Elementalist began the quest for
                  | the Orb.
     0 | D:1      | Reached XP level 1. HP: 13/13 MP: 6/6
   224 | D:1      | Identified a scroll of acquirement
   224 | D:1      | Acquired the +1 pair of boots of the Shining One's Envy
                  | {rElec}
   252 | D:1      | Got Morygaj's Catalogue of the Dusty Frostbite
   273 | D:1      | Reached XP level 2. HP: 19/19 MP: 5/7
   276 | D:1      | Learned a level 2 spell: Scorch
   897 | D:2      | Noticed Sigmund
  1318 | D:3      | Reached skill level 5 in Spellcasting
  1318 | D:3      | Reached XP level 3. HP: 25/25 MP: 5/9
  1364 | D:3      | Learned a level 2 spell: Ensorcelled Hibernation
  1435 | D:3      | Reached skill level 1 in Invocations
  1719 | D:3      | Noticed Jessica
  1720 | D:3      | Killed Jessica
  1721 | D:3      | Reached skill level 1 in Fighting
  1721 | D:3      | Reached skill level 1 in Short Blades
  1721 | D:3      | Reached skill level 1 in Long Blades
  1721 | D:3      | Reached skill level 1 in Axes
  1721 | D:3      | Reached skill level 1 in Maces & Flails
  1721 | D:3      | Reached skill level 1 in Polearms
  1721 | D:3      | Reached skill level 1 in Staves
  1721 | D:3      | Reached skill level 1 in Slings
  1721 | D:3      | Reached skill level 1 in Bows
  1721 | D:3      | Reached skill level 1 in Crossbows
  1721 | D:3      | Reached skill level 1 in Throwing
  1721 | D:3      | Reached skill level 1 in Armour
  1721 | D:3      | Reached skill level 1 in Shields
  1721 | D:3      | Reached skill level 1 in Unarmed Combat
  1721 | D:3      | Reached skill level 1 in Evocations
  1721 | D:3      | Reached XP level 4. HP: 32/32 MP: 8/11
  2061 | D:3      | Reached skill level 1 in Hexes
  2061 | D:3      | Reached skill level 1 in Summonings
  2061 | D:3      | Reached skill level 1 in Necromancy
  2061 | D:3      | Reached skill level 1 in Translocations
  2061 | D:3      | Reached skill level 1 in Transmutations
  2061 | D:3      | Reached skill level 1 in Ice Magic
  2061 | D:3      | Reached skill level 1 in Air Magic
  2061 | D:3      | Reached skill level 1 in Earth Magic
  2061 | D:3      | Reached skill level 1 in Poison Magic
  2592 | D:3      | Reached XP level 5. HP: 15/37 MP: 2/12
  2991 | D:4      | Noticed Menkaure
  3779 | D:2      | Killed Sigmund
  3780 | D:2      | Reached skill level 5 in Dodging
  3780 | D:2      | Reached XP level 6. HP: 24/44 MP: 7/14
  4020 | D:2      | Found a faded altar of an unknown god.
  4286 | D:4      | Reached XP level 7. HP: 37/50 MP: 9/15
  4307 | D:4      | You fall into a shaft and drop 3 floors!
  4318 | D:7      | Noticed a yak
  4476 | D:5      | Entered Level 5 of the Dungeon
  4565 | D:5      | Found a shimmering altar of Xom.
  4579 | D:5      | HP: 2/51 [poisoned by a kobold brigand]
  4580 | D:4      | Succumbed to a kobold brigand's poison

Illustrated notes

Levels and vault maps discovered:
D:1:      minmay_arrival_glassed_features, layout_basic,
          minmay_misc_feat_nine_boxes
D:2:      layout_basic, hellmonk_ecumenical_altar_lost_god, uniq_sigmund
D:3:      layout_loops_ring, chequers_serial_rivers_large_b,
          mrwooster_statue_mirror, chequers_serial_rivers_room_a,
          glass_columns_c, minivault_5, dreamdust_mushroom_princess,
          minmay_circle_x, uniq_jessica
D:4:      layout_layer_cave, nicolae_dithmenos_through_a_glass_darkly,
          minmay_temple_entry_statues_fountains, skrybe_limestone_x,
          uniq_menkaure, uniq_crazy_yiuf_cottage
D:5:      dreamdust_elfheim, layout_rooms, xom_redecorated, hex_large,
          uniq_pikel
D:6:      layout_rooms, uniq_grinder
D:7:      layout_loops_corners, chequers_serial_rivers_micro_a, uniq_joseph

Skill      XL: |  1  2  3  4  5  6  7 |
---------------+----------------------+-----
Conjurations   | 2 3 |  3.0
Spellcasting   | 5 |  5.6
Invocations    | 1 2 |  2.7
Fighting       | 1 2 |  2.5
Short Blades   | 1 2 |  2.5
Long Blades    | 1 2 |  2.5
Axes           | 1 2 |  2.5
Maces & Flails | 1 2 |  2.5
Polearms       | 1 2 |  2.5
Staves         | 1 2 |  2.5
Slings         | 1 2 |  2.5
Bows           | 1 2 |  2.5
Crossbows      | 1 2 |  2.5
Throwing       | 1 2 |  2.5
Armour         | 1 2 |  2.5
Shields        | 1 2 |  2.5
Unarmed Combat | 1 2 |  2.5
Evocations     | 1 2 |  2.5
Hexes          | 1 2 |  2.0
Summonings     | 1 2 |  2.0
Necromancy     | 1 2 |  2.0
Translocations | 1 2 |  2.0
Transmutations | 1 2 |  2.0
Ice Magic      | 1 2 |  2.0
Air Magic      | 1 2 |  2.0
Earth Magic    | 1 2 |  2.0
Poison Magic   | 1 2 |  2.0
Dodging        | 5 |  5.2
Stealth        | |  4.9
Fire Magic     | |  5.8

Action                   |  1- 3 |  4- 6 |  7- 9 || total
-------------------------+-------+-------+-------++-------
Melee: Unarmed           |     7 |       |       ||     7
       Short sword       |     3 |       |       ||     3
       Hunting sling     |     1 |       |       ||     1
       Flail             |    11 |       |       ||    11
       Bite              |     1 |     4 |       ||     5
       Dagger            |       |    23 |     3 ||    26
       Punch             |       |       |     1 ||     1
 Cast: Foxfire           |    32 |    35 |     8 ||    75
       Scorch            |     8 |    29 |    12 ||    49
  Use: Scroll            |     6 |     2 |     3 ||    11
       Potion            |       |       |     1 ||     1
Armor: Robe              |     7 |     5 |    10 ||    22
Dodge: Dodged            |    13 |    33 |    20 ||    66
Block: Other             |     7 |    12 |    10 ||    29

Table legend: (Time is in decaauts)
 A = Elapsed time spent in this place.
 B = Non-inter-level travel time spent in this place.
 C = Inter-level travel time spent in this place.
 D = Time resting spent in this place.
 E = Time spent auto-exploring this place.
 F = Levels seen in this place.
 G = Mean time per level.
                   A        B        C        D        E       F      G
               +--------+--------+--------+--------+--------+-----+--------+
         Total |   4610 |   4382 |    228 |    627 |   2662 |   7 |  658.6 |
       Dungeon |   4610 |   4382 |    228 |    627 |   2662 |   7 |  658.6 |
               +--------+--------+--------+--------+--------+-----+--------+

Top non-repeatable levels by time:
     D:3: 1809 daAuts
     D:2: 1238 daAuts
     D:1: 994 daAuts
     D:4: 296 daAuts
     D:5: 103 daAuts
     D:6: 94 daAuts
     D:7: 73 daAuts
